Cogmind - Beta 10.2 @@@ ROGUE MODE // 2020.11.03 @ 17:42:01 Player: Atrius Result: Destroyed by G-34 Mercenary with Small Laser Performance ------------- Evolutions (0) 0 Regions Visited (1) 200 Robots Destroyed (16) 80 Value Destroyed (288) 288 Prototype IDs (0) 0 Alien Tech Used (0) 0 Bonus (0) 0 TOTAL SCORE: 568 Bonus ------- None Cogmind --------- Core Integrity 0/250 Matter 280/400 Energy 34/100 System Corruption 0% Temperature Cool (6) Movement Core (150) Ox2 Location -10/Materials Parts ------- > --- POWER (1) -------- (None) > --- PROPULSION (2) --- (None) > --- UTILITY (2) ------ Small Storage Unit Medium Matter Pod > --- WEAPON (2) ------- Mining Laser > --- INVENTORY (6) ---- Large Battery (300) Peak State ------------ > --- POWER ------------ Light Ion Engine > --- PROPULSION ------- Aluminum Leg Wheel > --- UTILITY ---------- Small Storage Unit Large Battery > --- WEAPON ----------- EM Pulse Gun Light Cannon > --- INVENTORY -------- Sensor Array ECM Suite Tractor Beam [Rating: 7] Favorites ----------- Power Light Ion Engine Engine Light Ion Engine Propulsion Aluminum Leg Leg Aluminum Leg Wheel Wheel Flight Unit Flight Unit Utility Small Storage Unit Device ECM Suite Storage Small Storage Unit Weapon Light Cannon Energy Gun EM Pulse Gun Ballistic Gun Assault Rifle Ballistic Cannon Light Cannon Launcher Grenade Launcher Special Weapon Mining Laser Special Melee Weapon Datajack Build | -11 -10 ------- Run | Scr Mat Slots Evolved . | . . Power . | . . Propulsion . | . . Utility . | . . Weapon . | . . Parts Attached 24 | 5 19 Power 3 | 1 2 Engine 3 | 1 2 Core . | . . Reactor . | . . Propulsion 6 | 2 4 Treads . | . . Leg 4 | 2 2 Wheel 1 | . 1 Hover . | . . Flight 1 | . 1 Utility 4 | . 4 Device 1 | . 1 Storage 3 | . 3 Processor . | . . Hackware . | . . Protection . | . . Artifact . | . . Weapon 11 | 2 9 Energy Gun 4 | 1 3 Energy Cannon . | . . Ballistic Gun 2 | 1 1 Ballistic Cannon 2 | . 2 Launcher 1 | . 1 Special Weapon 1 | . 1 Impact Weapon . | . . Slashing Weapon . | . . Piercing Weapon . | . . Special Melee Weapon 1 | . 1 Unidentified Prototypes . | . . Parts Lost 5 | . 5 Power 1 | . 1 Propulsion 2 | . 2 Utility . | . . Weapon 2 | . 2 Highest Loss Streak 3 | . 3 Average Slot Usage (%) 57 | . 57 Engine 6 | . 6 Leg 7 | . 7 Wheel 2 | . 2 Device 3 | . 3 Storage 17 | . 17 Energy Gun 4 | . 4 Ballistic Gun 1 | . 1 Ballistic Cannon 7 | . 7 Launcher 1 | . 1 Special Melee Weapon 1 | . 1 Naked Turns . | . . Heaviest Build 17 | 7 17 Greatest Support 20 | 20 20 Greatest Overweight (x) 5 | . 5 Average Overweight (x) . | . 1 Largest Inventory Capacity 6 | 4 6 Average Capacity 5 | 4 5 Most Carried 6 | 3 6 Average Carried 1 | . 1 Final Capacity 6 | 4 6 Final Carried 2 | 2 1 Class Distribution -------------------- 100% | Mutant Dominant Class ---------------- Mutant | -10/Materials Resources | -11 -10 ----------- Run | Scr Mat Matter Collected 450 | 249 201 Remotely . | . . Salvage Created 284 | 47 237 Parts 29 | 1 28 Haulers Intercepted . | . . Recyclers Shooed . | . . Parts Field Recycled . | . . Retrieved Matter . | . . Parts Self-Destructed . | . . Prevented . | . . Kills | -11 -10 ------- Run | Scr Mat Combat Hostiles Destroyed 11 | 1 10 Guns 7 | 1 6 Cannons 2 | . 2 AOE 2 | . 2 Classes Destroyed 6 | 1 5 Worker 1 | . 1 Builder 1 | . 1 Tunneler 1 | . 1 Watcher 2 | . 2 Swarmer 6 | . 6 Grunt 5 | 1 4 Best Kill Streak 6 | 1 6 Combat Bots Only 4 | 1 4 Max Kills in Single Turn 3 | 1 3 Gunslinging . | . . Exploded 1 | . 1 Melee . | . . Uniques/NPCs Destroyed . | . . Combat | -11 -10 -------- Run | Scr Mat Damage Taken 710 | 11 699 Core 254 | 1 253 Absorbed by Shields . | . . Core Remaining (%) 99 | 99 . Volleys Fired 50 | 1 49 Largest 2 | 2 2 Hottest 100 | 70 100 Shots Fired 64 | 2 62 Gun 31 | 2 29 Cannon 22 | . 22 Launcher 5 | . 5 Special 6 | . 6 Kinetic 44 | 1 43 Thermal 7 | 1 6 Explosive 5 | . 5 Electromagnetic 8 | . 8 Robot Hit Streak 4 | 1 4 Robot Miss Streak 3 | 1 3 Penetration Max . | . . Secondary Targets . | . . Shots Hit Robots 32 | 1 31 Core Hits 22 | 3 19 Critical Hits . | . . Critical Kills . | . . Critical Parts Destroyed . | . . Melee Attacks 3 | . 3 Impact . | . . Slashing . | . . Piercing . | . . Sneak Attacks 2 | . 2 Combat Hostiles . | . . Follow-up Attacks . | . . Damage Inflicted 702 | 28 674 Guns 225 | 25 200 Cannons 206 | . 206 Explosions 261 | . 261 Melee . | . . Ramming 10 | 3 7 Kinetic 348 | 13 335 Thermal 12 | 12 . Explosive 261 | . 261 Electromagnetic 71 | . 71 Impact . | . . Slashing . | . . Piercing . | . . Highest Corruption . | . . Average Corruption . | . . Corruption Purged . | . . Overload Shots . | . . Overflow Damage 5 | . 5 Projectiles 5 | . 5 Explosions . | . . Melee . | . . Knockbacks 2 | . 2 Impact . | . . Kinetic 2 | . 2 Secondary . | . . Self-Inflicted Damage 37 | 1 36 Shots 1 | . 1 Rammed 2 | 1 1 Targets Rammed 2 | 1 1 Kicked . | . . Crushed . | . . Highest Temperature 30 | 9 30 Average Temperature 11 | 6 12 Received Heat Transfer 327 | 6 321 Siege Activations . | . . Robots Corrupted . | . . Combat Hostiles . | . . Parts Fried 1 | . 1 Impact Corruptions . | . . Robots Melted . | . . Combat Hostiles . | . . Parts Melted . | . . Heat Transferred 37 | 37 . Parts Sabotaged . | . . Parts Stolen . | . . Parts Stripped . | . . Power Chain Reactions . | . . Missiles Intercepted . | . . Alert | -11 -10 ------- Run | Scr Mat Peak Influence 263 | 20 263 Initial 13 | . 13 Average 103 | 5 121 Maximum Alert Level 1 | . 1 Low Security (%) 81 | 100 78 Level 1 18 | . 21 Level 2 . | . . Level 3 . | . . Level 4 . | . . Level 5 . | . . High Security . | . . Max Security . | . . Squads Dispatched 2 | . 2 Investigation 1 | . 1 Extermination . | . . Reinforcement 1 | . 1 Assault . | . . Garrison . | . . Intercept . | . . Construction Impeded . | . . Haulers Reinforced . | . . Stealth | -11 -10 --------- Run | Scr Mat Distress Signals 3 | . 3 Communications Jammed . | . . Distress Signals . | . . Times Spotted 28 | 1 27 Peak Tracking Total 6 | 1 6 Tactical Retreats 2 | . 2 Traps | -11 -10 ------- Run | Scr Mat Traps Triggered 2 | . 2 Indirectly . | . . Trap Hack Attempts . | . . Triggered . | . . Disarmed . | . . Reprogrammed . | . . Reused . | . . Traps Extracted . | . . Installed . | . . Triggered . | . . Machines | -11 -10 ---------- Run | Scr Mat Machines Disabled . | . . Max in Single Turn . | . . Machines Sabotaged . | . . Garrisons Compromised . | . . Overloaded Fab Kills . | . . Fab Network Shutdowns . | . . Hacking | -11 -10 --------- Run | Scr Mat Machines Accessed 4 | . 4 Terminals 3 | . 3 Fabricators . | . . Repair Stations . | . . Recycling Units 1 | . 1 Scanalyzers . | . . Garrison Access . | . . Total Hacks 18 | . 18 Successful 13 | . 13 Failed 4 | . 4 Catastrophic . | . . Database Lockouts 1 | . 1 Manual . | . . Terminals 13 | . 13 Fabricators . | . . Repair Stations . | . . Recycling Units 5 | . 5 Scanalyzers . | . . Garrison Access . | . . Terminal Hacks 8 | . 8 Record 3 | . 3 Alert Level 1 | . 1 Locate Traps 1 | . 1 Investigation Status 1 | . 1 Hauler Manifests 1 | . 1 Zone Layout 1 | . 1 Fabricator Hacks . | . . Repair Station Hacks . | . . Recycling Unit Hacks 5 | . 5 Recycle Component 3 | . 3 Report Inventory 1 | . 1 Retrieve Matter 1 | . 1 Scanalyzer . | . . Garrison Access Hacks . | . . Unauthorized Hacks . | . . Terminals . | . . Fabricators . | . . Repair Stations . | . . Recycling Units . | . . Scanalyzers . | . . Garrison Access . | . . Data Cores Recovered . | . . Used . | . . Hacking Detections 4 | . 4 Full Trace Events 3 | . 3 Feedback Events . | . . Feedback Blocked . | . . Robot Schematics Acquired . | . . Robots Built . | . . Matter . | . . Time . | . . Total Robot Build Rating . | . . Part Schematics Acquired . | . . Parts Built . | . . Matter . | . . Time . | . . Total Part Build Rating . | . . Parts Repaired . | . . Time . | . . Parts Recycled 3 | . 3 Recycled Matter . | . . Retrieved Matter 243 | . 243 Retrieved Components . | . . Parts Scanalyzed . | . . Part Schematics Acquired . | . . Parts Damaged . | . . Bothacking | -11 -10 ------------ Run | Scr Mat Used RIF Installer . | . . Robots Hacked 1 | . 1 Non-combat 1 | . 1 Combat . | . . Robot Hacks Applied 1 | . 1 parse_system 1 | . 1 Relay Couplers Released . | . . Robots Rewired . | . . Allies Hacked . | . . Hacks Repelled . | . . Allies | -11 -10 -------- Run | Scr Mat Total Allies . | . . Largest Group . | . . Highest-Rated Group . | . . Highest-Rated Ally . | . . Total Orders . | . . Ally Attacks . | . . Total Damage . | . . Kills . | . . Allies Corrupted . | . . Allies Melted . | . . Intel | -11 -10 ------- Run | Scr Mat Robot Analysis Total . | . . Derelict Logs Recovered . | . . Drone Launches . | . . Drone Recoveries . | . . Exploration | -11 -10 ------------- Run | Scr Mat Turns Passed 1342 | 203 1139 Spaces Moved 827 | 219 608 Core 332 | 147 185 Treads . | . . Legs 229 | 72 157 Wheels 218 | . 218 Hover . | . . Flight 48 | . 48 Fastest Speed 40 | 50 40 Average Speed 110 | 73 123 Slowest Speed 300 | 120 300 Overloaded Moves . | . . Propulsion Burnouts . | . . Robots Hopped . | . . Cave-ins Triggered . | . . Exploration Rate (%) 34 | 7 61 Regions Visited 1 Branch Regions . Pre-discovered Areas . | . . Known Exits Taken . | . . Unknown Exits Taken 1 | 1 . Scrap Searched . | . . Spaces Dug 6 | . 6 Terrain Destroyed 29 | . 29 Melee . | . . Projectile 6 | . 6 AOE 23 | . 23 Terrain Rammed . | . . Walls Destroyed . | . . Machines Disabled . | . . Actions | -11 -10 --------- Run | Scr Mat Total 1188 | 260 928 Wait 240 | 28 212 Move 826 | 218 608 Hop . | . . Pick Up 28 | 7 21 Fast Attach . | . . Attach 24 | 5 19 Detach 5 | . 5 Swap . | . . Drop 10 | . 10 Fire 50 | 1 49 Melee 3 | . 3 Ram 2 | 1 1 Kick . | . . Crush . | . . Escape Stasis . | . . Rewire . | . . Trap . | . . Miscellaneous . | . . Route ------- -11/Scrapyard -10/Materials (discovered 2 exits: [*Min x2]) History --------- Turn | Location | Event 2 | -11/Scrapyard | Met Revision 17 144 | -11/Scrapyard | Discovered new exit (range 8) 204 | -11/Scrapyard | Entered Materials 209 | -10/Materials | Central database locked down 350 | -10/Materials | Build established: Mutant 779 | -10/Materials | Discovered new exit (range 5) 953 | -10/Materials | Core integrity fell below 50% 976 | -10/Materials | Core integrity fell below 20% 999 | -10/Materials | Lost 3 parts (1p1n1w) 1244 | -10/Materials | Discovered new exit (range 9) 1343 | -10/Materials | Destroyed by G-34 Mercenary with Small Laser Last Messages --------------- U-05 Engineer lays Concrete. R-06 Scavenger collects EM Pulse Gun. R-06 Scavenger collects Ion Engine. Acquired 10 matter. Connecting with Terminal... >>Traps(Locate) Found 3 traps in 1 array: 3x Blade Trap Map updated. >>Alert(Check) Current Alert Level: Low Security EXIT=FOUND Acquired Med. Matter Pod. Acquired Mining Laser. U-05 Engineer builds a Wall. Acquired Lrg. Battery. Dropped Lrg. Battery. K-01 Serf collects debris. U-05 Engineer builds a Wall. [Achievement: First Step to Greatness] Map ----- +----------------------------------------------------+ | ??????""" """ """ ""??????????????????????????? | | ????? """ """ """ """ ????????????????????????? | | ?????? ?????????????????????????? | | ????? ? #??????????????????????? | | ???# """ """ """ """ #??????????????????????? | | "??# """ """ """ """ #??????????????????????? | | " ?# """ """ """ """ #??????????????????????? | | " ?# """ """ """ """ #??????????????????????? | | # #??????????????????????? | | ???# ## !!#?????????????????? | | ???# ! ==#?????????????????? | | ???# ==#?????????????????? | | ???# ==#?????????????????? | | ???# ##+######## ==#?????????????????? | | ???# ## #??????????????????????? | | ???# ## #??????????????????????? | | ???+ ## #??????????????????????? | | ???# ## #??????????????????????? | | ???# ## #??????????????????????? | | ???# #### ## #??????????????????????? | | ???# #""" # """ #??????????????????????? | | ???# #" # """"" #??????????????????????? | | ???# #" # """"" #??????????????????????? | | ???# #"" < # """""u#??????????????????????? | | #### #" # """ g#??????????????????????? | | ## #" #######@#??????????????????????? | | ## #""" #????## #??????????????????????? | | ## #### ##?????###??????????????????????? | | ## ##########??????????????????????? | | ## ????????????????????? | | " ## ????????????????????? | | " ## ????????????????????? | | " ## ##+############+###?????????????????????? | | ## ## % #?????????????????????????????? | | ####^^ ^## #?????????????????????????????? | | ] ## """ #?????????????????????????????? | | ## """ #?????????????????????????????? | | ## """ #?????????????????????????????? | | ##### ## """ #?????????????????????????????? | | # ## """ #######???????????????????????? | | + ## "T" # #???????????????????????? | | # ############ ##### ??????????????? | | # # ## < ????????????????? | | # # """"""" + #???????????????????????? | | # # """"""" ## #???????????????????????? | | ##### # """"""" ### ##???????????????????????? | | ????# + """"""" #?# #????????????????????????? | | ????# # """"""" #?# #????????????????????????? | | #???# # #?# #????????????????????????? | | ##### # #?# #????????????????????????? | +----------------------------------------------------+ Best States ------------- Heat Dissipation 25 Energy Generation 10 Energy Capacity 550 Matter Stores 300 Matter Capacity 400 Sight Range 16 Terrain Scan Density 10 ECM Strength 1 Evasion (%) 62 Item Schematics ----------------- None Robot Schematics ------------------ None Fabricated ------------ Nothing Alien Tech Used ----------------- None Achievements -------------- First Step to Greatness One Hack Too Far Shopping List Uninvited Guest Challenges ------------ None Game ------ Seed DisruptionHackingGravjet Manual? 0 Play Time 00:28:47 Cumulative 0.9 hours Start 2020.11.03 @ 17:06:19 End 2020.11.03 @ 17:42:01 Sessions 1 Manual Loads 0 Difficulty Rogue Special Mode None Game No. 2 Rogue 2 Adventurer 0 Explorer 0 Win Type - Total 0 Types 0/0/0/0/0/0/0/0/0 Lore% 0 Gallery% 1 Achievement% 1 Wizard Run 0 Options --------- ASCII 0 Keyboard 0 Movement Mouse Keybinds 0 Fullscreen 0 Font 16/SmallcapsGlow Map View 76x50 Tactical HUD 0 Map Filters NONE Filters NONE Steam 1 RUN: 49217f6a-43c7-4833-a812-160bd19c24f8